Cogmind - Beta 15 @@@ ROGUE MODE // 2025.05.24 @ 04:32:54 Player: Seralth Result: Destroyed by G-34 Mercenary with Small Laser Performance ------------- Evolutions (1) 500 Regions Visited (3) 600 Robots Destroyed (37) 185 Value Destroyed (982) 982 Prototype IDs (5) 100 Alien Tech Used (0) 0 Bonus (426) 426 TOTAL SCORE: 2793 Bonus ------- Pacifist 200 High Alert Combat Kills 6 Follower Combat Kills 220 Cogmind --------- Core Integrity 0/400 Matter 261/300 Energy 100/100 System Corruption 2% Temperature Cool (6) Movement Rolling (100) Location -9/Storage Parts ------- > --- POWER (2) -------- (None) > --- PROPULSION (3) --- Compact Wheel Compact Wheel > --- UTILITY (2) ------ (None) > --- WEAPON (2) ------- Improved Assault Rifle Improved Assault Rifle > --- INVENTORY (5) ---- Compact Wheel Heat Sink Peak State ------------ > --- POWER ------------ Improved Ion Engine Light Nuclear Core > --- PROPULSION ------- Wheel Wheel Wheel > --- UTILITY ---------- Heat Sink Sensor Array > --- WEAPON ----------- Improved Assault Rifle Improved Assault Rifle > --- INVENTORY -------- Heat Sink Particle Cannon Particle Cannon Improved Assault Rifle Improved Assault Rifle [Rating: 17] Favorites ----------- Power Improved Ion Engine Engine Improved Ion Engine Power Core Light Nuclear Core Propulsion Wheel Leg Aluminum Leg Wheel Wheel Flight Unit Flight Unit Utility Sensor Array Device Sensor Array Weapon EM Pulse Gun Energy Gun EM Pulse Gun Energy Cannon Particle Cannon Ballistic Gun Improved Assault Rifle Ballistic Cannon Improved Light Cannon Build | -11 -10 -9 -9 ------- Run | Yrd Mat Mat Sto Slots Evolved 2 | . . 2 . Power 1 | . . 1 . Propulsion 1 | . . 1 . Utility . | . . . . Weapon . | . . . . Parts Attached 38 | 5 2 9 22 Power 5 | . . 2 3 Engine 4 | . . 2 2 Core 1 | . . . 1 Reactor . | . . . . Propulsion 16 | 2 . 4 10 Treads . | . . . . Leg 1 | . . . 1 Wheel 11 | 2 . . 9 Hover . | . . . . Flight 4 | . . 4 . Utility 6 | . 2 . 4 Device 6 | . 2 . 4 Storage . | . . . . Processor . | . . . . Hackware . | . . . . Protection . | . . . . Artifact . | . . . . Weapon 11 | 3 . 3 5 Energy Gun 3 | 3 . . . Energy Cannon 3 | . . 2 1 Ballistic Gun 4 | . . . 4 Ballistic Cannon 1 | . . 1 . Launcher . | . . . . Special Weapon . | . . . . Impact Weapon . | . . . . Slashing Weapon . | . . . . Piercing Weapon . | . . . . Special Melee Weapon . | . . . . Unidentified Prototypes 1 | . . . 1 Parts Lost 13 | . . . 13 Power 4 | . . . 4 Propulsion 5 | . . . 5 Utility 2 | . . . 2 Weapon 2 | . . . 2 Highest Loss Streak 6 | . . . 6 To Critical Strikes . | . . . . Average Backups 2 | . 1 3 2 Power . | . . . . Propulsion . | . . . . Utility . | . . . . Weapon 1 | . 1 2 1 Tool/Special . | . . . . Unused Backups 5 | . . 4 1 Power . | . . . . Propulsion 1 | . . 1 . Utility 1 | . . 1 . Weapon 3 | . . 2 1 Tool/Special . | . . . . Average Slot Usage (%) 84 | . 74 89 85 Engine 12 | . . 14 15 Core 2 | . . . 5 Wheel 18 | . 28 5 24 Flight 9 | . . 25 . Device 18 | . 17 22 16 Energy Gun 8 | . 28 10 . Energy Cannon 6 | . . 8 6 Ballistic Gun 7 | . . . 14 Peak Build Rating 17 | 4 6 13 17 Average Rating 11 | 3 5 10 13 On Entrance 5 | . 4 6 13 Naked Turns . | . . . . Heaviest Build 29 | 4 7 23 29 Greatest Support 42 | 20 20 20 42 Greatest Overweight (x) 6 | 1 . 3 6 Average Overweight (x) . | . . . . Largest Inventory Capacity 5 | 5 5 5 5 Average Capacity 5 | 5 5 5 5 Most Carried 5 | 1 3 5 5 Average Carried 2 | . 1 3 2 Final Capacity 5 | 5 5 5 5 Final Carried 3 | 1 3 2 2 Class Distribution -------------------- 79% | Mutant 10% | Commander-Mutant 6% | Scavenger-Mutant Dominant Class ---------------- Mutant | -10/Materials Mutant | -9/Materials Mutant | -9/Storage Resources | -11 -10 -9 -9 ----------- Run | Yrd Mat Mat Sto Matter Collected 815 | 223 . 155 437 Remotely . | . . . . Salvage Created 1381 | . . 288 1093 Parts 80 | . . 15 65 Haulers Intercepted 1 | . . . 1 Recyclers Shooed 2 | . . . 2 Parts Field Recycled 7 | . . . 7 Retrieved Matter 23 | . . . 23 Parts Self-Destructed . | . . . . Prevented . | . . . . Kills | -11 -10 -9 -9 ------- Run | Yrd Mat Mat Sto Combat Hostiles Destroyed 27 | . . 7 20 Guns 13 | . . 1 12 Cannons 13 | . . 5 8 AOE 1 | . . 1 . Classes Destroyed 9 | . . 3 6 Worker 3 | . . . 3 Builder 2 | . . . 2 Hauler 1 | . . . 1 Recycler 2 | . . . 2 Watcher 2 | . . . 2 Swarmer 6 | . . . 6 Grunt 12 | . . 4 8 Duelist 2 | . . 1 1 Sentry 7 | . . 2 5 Best Kill Streak 11 | . . 3 11 Combat Bots Only 4 | . . 3 4 Max Kills in Single Turn 2 | . . 1 2 Gunslinging 1 | . . . 1 Exploded 1 | . . 1 . Melee . | . . . . Uniques/NPCs Destroyed . | . . . . Combat | -11 -10 -9 -9 -------- Run | Yrd Mat Mat Sto Hostile Shots Fired 169 | . 2 24 143 Missed 42 | . 2 5 35 Hits 127 | . . 19 108 Melee 4 | . . . 4 Projectile 123 | . . 19 104 Critical Strikes 7 | . . 2 5 Damage Taken 1640 | . . 364 1276 Core 407 | . . 133 274 Absorbed by Shields 158 | . . . 158 Core Remaining (%) 100 | 100 100 . . Volleys Fired 87 | . . 15 72 Largest 2 | . . 2 2 Hottest 136 | . . 136 136 Shots Fired 167 | . . 30 137 Gun 116 | . . 11 105 Cannon 51 | . . 19 32 Launcher . | . . . . Special . | . . . . Kinetic 110 | . . 5 105 Thermal 46 | . . 14 32 Explosive . | . . . . Electromagnetic 11 | . . 11 . Robot Hit Streak 16 | . . 9 16 Robot Miss Streak 3 | . . 2 3 Penetration Max . | . . . . Secondary Targets 3 | . . . 3 Max Gunslinging Chain 1 | . . . 1 Shots Hit Robots 115 | . . 20 95 Core Hits 52 | . . 10 42 Critical Kills . | . . . . Critical Parts Destroyed . | . . . . Critical Strikes 1 | . . . 1 Destroy 1 | . . . 1 Melee Attacks . | . . . . Impact . | . . . . Slashing . | . . . . Piercing . | . . . . Sneak Attacks . | . . . . Combat Hostiles . | . . . . Follow-up Attacks . | . . . . Damage Inflicted 2230 | . . 499 1731 Guns 1281 | . . 85 1196 Cannons 801 | . . 288 513 Explosions 111 | . . 111 . Melee . | . . . . Ramming 37 | . . 15 22 Kinetic 1278 | . . 82 1196 Thermal 719 | . . 206 513 Explosive 111 | . . 111 . Electromagnetic 85 | . . 85 . Impact . | . . . . Slashing . | . . . . Piercing . | . . . . Highest Corruption 2 | . . 1 2 Average Corruption 1 | . . 1 1 Corruption Purged . | . . . . Corruption Blocked . | . . . . Effects 7 | . . . 7 Message Errors 2 | . . . 2 Matter Fused 2 | . . . 2 Misfires 2 | . . . 2 Alerts 1 | . . . 1 Overload Shots . | . . . . Overflow Damage 21 | . . 21 . Projectiles . | . . . . Explosions 21 | . . 21 . Melee . | . . . . Knockbacks 1 | . . 1 . Impact . | . . . . Kinetic 1 | . . 1 . Secondary . | . . . . Self-Inflicted Damage 129 | . . 120 9 Shots 1 | . . 1 . Rammed 10 | . . 2 8 Targets Rammed 10 | . . 2 8 Kicked . | . . . . Crushed . | . . . . Highest Temperature 519 | . . 326 519 Average Temperature 121 | . . 119 123 Received Heat Transfer 537 | . . 141 396 Effects 10 | . . . 10 Shutdowns 4 | . . . 4 Interference 6 | . . . 6 Siege Activations . | . . . . Martial Activations . | . . . . Shielding Activations . | . . . . Robots Disrupted . | . . . . Combat Hostiles . | . . . . Robots Corrupted . | . . . . Combat Hostiles . | . . . . Parts Fried . | . . . . Impact Corruptions . | . . . . Robots Melted . | . . . . Combat Hostiles . | . . . . Parts Melted 3 | . . 1 2 Heat Transferred 1295 | . . 370 925 Parts Sabotaged . | . . . . Parts Stolen . | . . . . Parts Stripped . | . . . . Power Chain Reactions . | . . . . Alert | -11 -10 -9 -9 ------- Run | Yrd Mat Mat Sto Maximum Alert Level 2 | . . . 2 Low Security (%) 74 | 100 100 100 46 Level 1 20 | . . . 43 Level 2 4 | . . . 10 Level 3 . | . . . . Level 4 . | . . . . Level 5 . | . . . . High Security . | . . . . Max Security . | . . . . Peak Influence 467 | . 50 107 467 Initial 38 | . . 20 38 Average 123 | . 7 15 245 Influence Increases 1368 | . 131 240 997 Destroy 0b10 Robot/C 740 | . . 140 600 Destroy 0b10 Robot/NC 50 | . . . 50 Destroy Leader 216 | . . 40 176 Allied During Kill 100 | . . . 100 Successful Hack 55 | . 11 22 22 Disable Machine 30 | . . 15 15 Destroy Structure 27 | . . 23 4 Partial Spotted 45 | . 15 . 30 Lose Combat Pursuer 105 | . 105 . . Influence Decreases 943 | . 81 199 663 Entered New Map 83 | . . 30 53 Time Decay 610 | . 81 169 360 Lost Part 130 | . . . 130 Lost Ally 120 | . . . 120 Squads Dispatched 7 | . . . 7 Investigation 1 | . . . 1 Extermination . | . . . . Reinforcement 2 | . . . 2 Assault 1 | . . . 1 Garrison 3 | . . . 3 Intercept . | . . . . Searches Triggered . | . . . . Construction Impeded . | . . . . Haulers Reinforced . | . . . . Active Scanning Responses . | . . . . Cargo Convoy Interrupts . | . . . . Stealth | -11 -10 -9 -9 --------- Run | Yrd Mat Mat Sto Distress Signals 5 | . 1 2 2 Communications Jammed . | . . . . Distress Signals . | . . . . Times Spotted 64 | . 11 14 39 Peak Tracking Total 6 | . 6 3 6 Tactical Retreats 7 | . 4 3 . Traps | -11 -10 -9 -9 ------- Run | Yrd Mat Mat Sto Traps Triggered 4 | . . 1 3 Indirectly . | . . . . Trap Hack Attempts . | . . . . Triggered . | . . . . Disarmed 6 | . . . 6 Reprogrammed . | . . . . Reused . | . . . . Traps Extracted . | . . . . Installed . | . . . . Triggered . | . . . . Machines | -11 -10 -9 -9 ---------- Run | Yrd Mat Mat Sto Machines Disabled 2 | . . 1 1 Max in Single Turn 1 | . . 1 . Machines Repaired . | . . . . Machines Dismantled . | . . . . Machines Sabotaged . | . . . . Overloaded Fab Kills . | . . . . Hacking | -11 -10 -9 -9 --------- Run | Yrd Mat Mat Sto Machines Accessed 12 | . 4 5 3 Terminals 12 | . 4 5 3 Fabricators . | . . . . Repair Stations . | . . . . Recycling Units . | . . . . Scanalyzers . | . . . . Garrison Access . | . . . . Total Hacks 41 | . 11 14 16 Successful 16 | . 2 6 8 Failed 25 | . 9 8 8 Catastrophic 8 | . 2 4 2 Database Lockouts . | . . . . Manual 26 | . 6 10 10 Terminals 41 | . 11 14 16 Fabricators . | . . . . Repair Stations . | . . . . Recycling Units . | . . . . Scanalyzers . | . . . . Garrison Access . | . . . . Terminal Hacks 16 | . 2 6 8 Record 1 | . . . 1 Part Schematic 1 | . . . 1 Prototype ID Bank 2 | . . . 2 Level Access Points 1 | . . 1 . Emergency Access Points 2 | . . . 2 Terminal Index 1 | . . 1 . Alert Level 1 | . . 1 . Disarm Traps 1 | . . . 1 Patrol Status 1 | . . 1 . Assault Status 1 | . . 1 . Zone Layout 3 | . 1 1 1 Patrol Navigation 1 | . 1 . . Fabricator Hacks . | . . . . Repair Station Hacks . | . . . . Recycling Unit Hacks . | . . . . Scanalyzer . | . . . . Garrison Access Hacks . | . . . . Unauthorized Hacks . | . . . . Terminals . | . . . . Fabricators . | . . . . Repair Stations . | . . . . Recycling Units . | . . . . Scanalyzers . | . . . . Garrison Access . | . . . . Data Cores Recovered . | . . . . Used . | . . . . Hacking Detections 12 | . 4 4 4 Full Trace Events 3 | . . . 3 Feedback Events . | . . . . Feedback Blocked . | . . . . Robot Schematics Acquired . | . . . . Robots Built . | . . . . Authchips . | . . . . Time . | . . . . Total Robot Build Rating . | . . . . Part Schematics Acquired 1 | . . . 1 Parts Built . | . . . . Authchips . | . . . . Time . | . . . . Total Part Build Rating . | . . . . Parts Repaired . | . . . . Time . | . . . . Parts Recycled . | . . . . Recycled Matter . | . . . . Retrieved Matter . | . . . . Retrieved Components . | . . . . Parts Scanalyzed . | . . . . Part Schematics Acquired . | . . . . Parts Damaged . | . . . . Bothacking | -11 -10 -9 -9 ------------ Run | Yrd Mat Mat Sto Used RIF Installer . | . . . . Robots Hacked . | . . . . Non-combat . | . . . . Combat . | . . . . Robot Hacks Applied . | . . . . Relay Couplers Released . | . . . . Fabnet Peak Effective % . | . . . . Robots Rewired . | . . . . Allies Hacked . | . . . . Hacks Repelled . | . . . . Allies | -11 -10 -9 -9 -------- Run | Yrd Mat Mat Sto Total Allies 10 | . . . 10 Largest Group 10 | . . . 10 Highest-Rated Group 88 | . . . 88 Highest-Rated Ally 16 | . . . 16 Total Orders . | . . . . Ally Attacks 70 | . . . 70 Total Damage 505 | . . . 505 Kills 10 | . . . 10 Allies Corrupted . | . . . . Allies Melted . | . . . . Intel | -11 -10 -9 -9 ------- Run | Yrd Mat Mat Sto Active Infowar (turns) 1425 | . 199 566 660 Sensors 1421 | . 195 566 660 ECM 593 | . 106 466 21 Robot Analysis Total . | . . . . Derelict Logs Recovered . | . . . . Drone Launches . | . . . . Drone Recoveries . | . . . . Exploration | -11 -10 -9 -9 ------------- Run | Yrd Mat Mat Sto Turns Passed 1711 | 37 288 566 820 Spaces Moved 1230 | 38 256 390 546 Core 19 | 13 . . 6 Treads . | . . . . Legs 10 | . . . 10 Wheels 898 | 25 256 96 521 Hover . | . . . . Flight 303 | . . 294 9 Fastest Speed 32 | 50 80 32 80 Average Speed 90 | 75 80 99 89 Slowest Speed 350 | 100 80 285 350 Overloaded Moves . | . . . . Propulsion Burnouts . | . . . . Robots Hopped . | . . . . Potential Cave-ins . | . . . . Cave-ins Triggered . | . . . . Exploration Rate (%) 40 | 3 66 31 63 Regions Visited 3 Branch Regions 1 Pre-discovered Areas . | . . . . Known Exits Taken . | . . . . Unknown Exits Taken 3 | 1 1 1 . Scrap Searched . | . . . . Spaces Dug . | . . . . Terrain Destroyed 36 | . . 36 . Melee . | . . . . Projectile . | . . . . AOE 36 | . . 36 . Terrain Rammed . | . . . . Walls Destroyed . | . . . . Machines Disabled . | . . . . Actions | -11 -10 -9 -9 --------- Run | Yrd Mat Mat Sto Total 1652 | 43 337 539 733 Wait 257 | . 78 110 69 Move 1227 | 37 255 389 546 Hop . | . . . . Pick Up 12 | 1 2 5 4 Fast Attach 18 | 4 2 4 8 Attach 3 | . . 1 2 Detach 3 | . . 2 1 Swap 19 | 1 . 4 14 Drop 12 | . . 7 5 Fire 87 | . . 15 72 Melee . | . . . . Ram 10 | . . 2 8 Kick . | . . . . Crush . | . . . . Escape Stasis . | . . . . Rewire 4 | . . . 4 Trap . | . . . . Miscellaneous . | . . . . Route ------- -11/Scrapyard -10/Materials (discovered 3 exits: *Mat x2 / [*Min]) -9/Materials (discovered 4 exits: Mat x3 / *Sto) -9/Storage History --------- Turn | Location | Event 9 | -11/Scrapyard | Discovered new exit (range 15) 38 | -11/Scrapyard | Entered Materials 95 | -10/Materials | Discovered new exit (range 15) 129 | -10/Materials | Discovered new exit (range 8) 309 | -10/Materials | Discovered new exit (range 11) 315 | -10/Materials | Build established: Mutant 326 | -10/Materials | Entered another Materials area 326 | -9/Materials | Evolved 2 slots: Power x1, Propulsion x1 613 | -9/Materials | Discovered new exit (range 15) 743 | -9/Materials | Identified exit to Materials 892 | -9/Materials | Entered Storage 1072 | -9/Storage | Core integrity fell below 50% 1201 | -9/Storage | Assisted by bots powering up and referring to "LRC-V3" 1323 | -9/Storage | Lost 4 allies 1412 | -9/Storage | Lost 3 allies 1476 | -9/Storage | Garrison activated, responded to threat 1601 | -9/Storage | Lost 6 parts (1p2n2u1w) 1675 | -9/Storage | Core integrity fell below 20% 1692 | -9/Storage | First assault squad dispatched 1712 | -9/Storage | Destroyed by G-34 Mercenary with Small Laser Last Messages --------------- 01662_ Acquired 10 matter. 01663_ U-05 Engineer destroyed. 01666_ K-01 Serf collects debris. 01666_ K-01 Serf destroyed. 01669_ S-10 Pest destroyed. 01678_ W-16 Scout destroyed. 01681_ Acquired 36 matter. 01689_ Destroyed Tractor Beam. 01692_ ALERT: Unidentified disturbance in Zone 3A, assault force dispatched. 01692_ Destroyed Com. Wheel. 01694_ U-05 Engineer builds a Door. 01701_ C-30 ARC bursts open, deploying its payload. 01701_ G-47 Trooper unfolds itself. 01701_ G-34 Mercenary unfolds itself. 01701_ I-25 Savior unfolds itself. 01704_ Imp. Ion Engine destroyed. 01707_ Ion Engine destroyed. 01709_ Wheel destroyed. Map ----- +----------------------------------------------------+ | ""??? ?????????????????????????? | | ??? ?????????????????????????? | | ""??? T ?????????????????????????? | | ""??? ?????????????????????????? | | ""???# #?????????????????????????? | | ???# #?????????????????????????? | | ##???# #?????????????????????????? | | ###### #?????????????????????????? | | =# #?????????????????????????? | | " # #?????????????????????????? | | " *%%# #????????????????#####????? | | " ! +% #????????????????#] ]#????? | | *#% #????????????????#] #????? | | ###### ##???????????????#] #????? | | ##### / ######??????????#] #????? | | #?????????##" "#????? | | #?????????#T %#????? | | ### ###% #?????????##% =#????? | | ########## #????????###+###????? | | # =+% ##########[= #??????? | | # = # !==%%*!=%#??????? | | / # =% =*%![%%==#??????? | | ### #############[= #??????? | | # #???????????#[[ #??????? | | # #???????????# = #??????? | | # #???????????#=@ #??????? | | # #???????????# [ #??????? | | # #???????????#=!=#??????? | | ############???????????#*%=#??????? | | ???????????????????????# !|#??????? | | ???????????????????????#* #??????? | | ???????????????????????#** #??????? | | ???????????????????????#%*!#??????? | | ???????????????????????+ gg/??????? | | ##???????????????????? #gY #??????? | | #???????????????????? #g i#??????? | | #??????????????????? ?# % #??????? | | #??????????????????##?#^^a#??????? | | #?????????????????????# u #??????? | | #?????????????????????# #??????? | | #?????????????????????# % #??????? | | ##?????????????????????# " #??????? | | ???????????????????????# ???????? | | ???????????????????????? ???????? | | ??????????????????????????????????? | | ??????????????????????????????????? | | ??????????????????????????????????? | | ??????????????????????????????????? | | ??????????????????????????????????? | | ??????????????????????????????????? | +----------------------------------------------------+ Best States ------------- Heat Dissipation 48 Energy Generation 21 Energy Capacity 415 Matter Stores 300 Matter Capacity 300 Sight Range 16 Robot Scan Range 14 Terrain Scan Density 10 ECM Strength 1 Evasion (%) 63 Item Schematics ----------------- Med. Treads | -9/Storage | Hacked Robot Schematics ------------------ None Fabricated ------------ Nothing Repaired ---------- Nothing Alien Tech Used ----------------- None Achievements -------------- None Challenges ------------ None Game ------ Seed UtilityCompactGuard Manual? 0 Play Time 00:27:11 Cumulative 11.2 hours Start 2025.05.24 @ 01:25:03 End 2025.05.24 @ 04:32:54 Sessions 1 Manual Loads 0 Difficulty Rogue Special Mode None Game No. 22 Rogue 6 Adventurer 16 Explorer 0 Win Type - Total 0 Types 0/0/0/0/0/0/0/0/0/0 Lore% 6 Gallery% 20 Achievement% 18 Wizard Run 0 Options --------- Layout 1 ASCII 0 Keyboard 1 Movement Numpad Keybinds 0 Fullscreen 1 Font 32/SmallcapsGlow Map View 50x40 Zoom Use 0% Tactical HUD 1 Map Filters NONE Filters NONE Steam 1 RUN: 7fabe6a9-1422-4632-96d8-233130b31431